 Dungeon Crawl Stone Soup version 0.29.1-1-gd02db6906a (webtiles) character file.

Game seed: 15866843448360147646

1606 masschaos23 the Cleaver (level 8, -5/70 HPs)
             Began as a Hill Orc Fighter on Sept 15, 2022.
             Slain by a gnoll sergeant
             ... wielding a +1 trident of distortion
              (10 damage)
             ... on level 6 of the Dungeon.
             The game lasted 00:20:09 (6162 turns).

masschaos23 the Cleaver (Hill Orc Fighter)          Turns: 6162, Time: 00:20:10

Health: -5/70      AC:  9    Str: 18    XL:     8   Next: 94%
Magic:  8/8        EV: 10    Int: 11    God:
Gold:   399        SH:  5    Dex: 14    Spells: 7/7 levels left

rFire   . . .      SeeInvis +   a - +2 war axe
rCold   + . .      Faith    .   c - +0 buckler
rNeg    . . .      Spirit   .   b - +0 scale mail
rPois   .          Reflect  .   (no helmet)
rElec   .          Harm     .   y - +1 cloak
rCorr   +          Rampage  .   (no gloves)
Will    .....                   (no boots)
Stlth   ..........              t - amulet of regeneration
HPRegen 1.01/turn               h - ring of Xom's Bemusement {rC+ rCorr Int+4 Stlth-}
MPRegen 0.11/turn               f - ring of see invisible

@: mighty, on berserk cooldown, hasted and slowed
A: agile 1, weak 1
a: no special abilities


You were on level 6 of the Dungeon.
You visited 1 branch of the dungeon, and saw 6 of its levels.
You also visited: Sewer.

You collected 399 gold pieces.

Inventory:

Hand Weapons
 a - a +2 war axe (weapon)
 r - a +4 flail of distortion
 E - the +6 dagger "Sarcophage" {drain, Stlth+}
   (You found it on level 4 of the Dungeon)

   A truly terrible weapon, it drains the life of any living foe it strikes.
   Stlth:     It makes you more stealthy.
Missiles
 D - a throwing net (quivered)
Armour
 b - a +0 scale mail (worn)
 c - a +0 buckler (worn)
 y - a +1 cloak (worn)
Jewellery
 f - a ring of see invisible (right hand)
 h - the ring of Xom's Bemusement (left hand) {rC+ rCorr Int+4 Stlth-}
   (You acquired it on level 4 of the Dungeon)

   [ring of protection from cold]

   Int:       It affects your intelligence (+4).
   rC:        It protects you from cold.
   rCorr:     It protects you from acid and corrosion.
   Stlth:     It makes you less stealthy.
 t - an amulet of regeneration (around neck)
 A - a +4 ring of evasion
Scrolls
 k - a scroll of enchant armour
 m - a scroll of noise
 w - a scroll of teleportation
Potions
 d - 2 potions of might
 e - 2 potions of invisibility
 g - 2 potions of heal wounds
 i - 4 potions of curing
 j - a potion of attraction
 l - a potion of haste
 n - a potion of magic
 o - 2 potions of flight
 p - a potion of cancellation
 q - 2 potions of brilliance


   Skills:
 + Level 6.3 Fighting
 + Level 10.3 Axes
 + Level 6.1 Armour
 + Level 2.0 Dodging
 + Level 0.5 Stealth
 + Level 4.9 Shields


You had 7 spell levels left.
You didn't know any spells.
Your spell library contained the following spells:

 Spells                   Type           Power      Damage    Failure   Level
 Static Discharge         Conj/Air       0%         3-3/arc   89%         2
 Ignite Poison            Fire/Tmut/Pois 0%         N/A       98%         3
 Mephitic Cloud           Conj/Pois/Air  0%         N/A       98%         3
 Portal Projectile        Hex/Tloc       0%         N/A       98%         3
 Freezing Cloud           Conj/Ice/Air   0%         6-21      100%        5
 Metabolic Englaciation   Hex/Ice        0%         N/A       100%        5


Dungeon Overview and Level Annotations

Branches:
Dungeon (6/15)             Temple (0/1) D:4           Sewer (visited)

Altars:
Dithmenos
Sif Muna
Zin

Shops:
D:3 (

Portals:
Abyss: D:6

Annotations:
D:6 1 transporter, Iusername's ghost, amateur MiFi


Innate Abilities, Weirdness & Mutations

You are agile. (Dex +4, Str/Int -1)
You are weak. (Str -2)


Message History

The small abomination hits you.
You block the small abomination's attack.
You closely miss the small abomination.
The small abomination is heavily damaged.
You slash the small abomination!
You block the small abomination's attack.
The small abomination barely misses you.
The small abomination hits you!
You feel yourself speed up.
The small abomination barely misses you.
The small abomination hits you but does no damage.
You block the small abomination's attack.
The small abomination closely misses you.
You hit the small abomination.
The small abomination is severely damaged.
You hit the small abomination.
The small abomination closely misses you.
You block the small abomination's attack.
You slash the small abomination!
You destroy the small abomination!
You closely miss the small abomination. The small abomination hits you!
You closely miss Iusername's ghost. You hit the small abomination.
Iusername's ghost hits you but does no damage.
The small abomination closely misses you.
You slash Iusername's ghost!
Iusername's ghost is moderately damaged.
You hit the small abomination.
The gnoll sergeant hits you from afar with a +1 trident of distortion!
Iusername's ghost whispers, "Soon you will have time, lots of time..."
Iusername's ghost hits you. The small abomination hits you.
You closely miss Iusername's ghost.
Iusername's ghost is moderately damaged.
You barely miss the small abomination.
The small abomination barely misses you.
You block Iusername's ghost's attack.
The gnoll sergeant hits you but does no damage.
Space warps horribly around you!!
* * * LOW HITPOINT WARNING * * *
The gnoll sergeant hits you from afar with a +1 trident of distortion!
You die...

..........##...........#
......[..####....###...#
......####..##..##.#...#
.#...##.$.#.5#..#..#...#
...(.#..##..##..##.##..#
.....##...###...##..#..#
......##..#....##.#.#..#
......# ..##.###...##..#
.....##.^#.###gW@###...#
##..©#©.# #.©.#x$#.....#
..#..##.# ##:.##.##....#
......##.#...g..#.##...######
..#....# ##.####.# ##.......#
.##...###..##§.# .#.#..####.#
.##...#∩x###...###)##..# #.#
.##...####.......###...# #.#
.#.....................# #.#


You could see a small abomination, a gnoll sergeant and Iusername's ghost.

Vanquished Creatures
  Grinder (D:4)
  Menkaure (D:4)
  A black bear (D:4)
  2 ogres
  2 bullfrogs (D:6)
  A necrophage (D:5)
  A scorpion (D:4)
  A small abomination (D:6)
  A howler monkey (D:4)
  3 hounds
  4 jellies
  4 iguanas
  2 orc wizards
  6 gnolls
  8 adders
  3 river rats (Sewer)
  An ufetubus (D:6)
  3 worms
  5 dart slugs
  10 orcs
  7 ball pythons
  6 bats
  17 endoplasms
  13 giant cockroaches
  12 goblins
  14 hobgoblins
  2 jackals
  4 quokkas
  5 frilled lizards
  9 kobolds
  12 rats
161 creatures vanquished.

Vanquished Creatures (others)
  A plant (D:1)
1 creature vanquished.

Grand Total: 162 creatures vanquished

Notes
Turn   | Place    | Note
-------+----------+-------------------------------------------
     0 | D:1      | masschaos23 the Hill Orc Fighter began the quest for the
                  | Orb.
     0 | D:1      | Reached XP level 1. HP: 19/19 MP: 1/1
    90 | D:1      | Reached XP level 2. HP: 27/27 MP: 2/2
   142 | D:1      | Found a faded altar of an unknown god.
   172 | D:1      | Reached skill level 3 in Axes
   281 | D:1      | Reached XP level 3. HP: 33/33 MP: 3/3
  1004 | D:2      | Got Ellutin's Treatise on Airy Enchantment
  1093 | D:2      | Reached skill level 1 in Dodging
  1093 | D:2      | Reached XP level 4. HP: 13/40 MP: 4/4
  1508 | D:2      | Reached skill level 4 in Axes
  1514 | D:2      | Reached XP level 5. HP: 24/46 MP: 5/5
  2315 | D:3      | Found Igapp's Antique Weapon Shop.
  2581 | D:3      | Reached skill level 5 in Axes
  2785 | D:4      | Noticed an ogre
  2790 | D:4      | Killed an ogre
  2791 | D:4      | Reached skill level 6 in Axes
  2791 | D:4      | Reached XP level 6. HP: 53/53 MP: 6/6
  3171 | D:4      | Noticed a black bear
  3182 | D:4      | Killed a black bear
  3183 | D:4      | Reached skill level 5 in Fighting
  3183 | D:4      | Reached XP level 7. HP: 43/61 MP: 7/7
  3221 | D:4      | Reached skill level 7 in Axes
  3235 | D:4      | Reached skill level 5 in Armour
  3512 | D:4      | Identified the +6 dagger "Sarcophage" {drain, Stlth+}
  3680 | D:4      | Found a staircase to the Ecumenical Temple.
  3681 | D:4      | Noticed Grinder
  3692 | D:4      | Killed Grinder
  3733 | D:4      | Noticed Menkaure
  3746 | D:4      | Killed Menkaure
  3747 | D:4      | Reached skill level 8 in Axes
  3747 | D:4      | Reached XP level 8. HP: 26/70 MP: 8/8
  4157 | D:4      | Identified a scroll of acquirement
  4157 | D:4      | Acquired the ring of Xom's Bemusement {rC+ rCorr Int+4
                  | Stlth-}
  4172 | D:4      | Gained mutation: You are weak. (Str -2) [potion of
                  | mutation]
  4172 | D:4      | Gained mutation: You are agile. (Dex +4, Str/Int -1)
                  | [potion of mutation]
  4420 | D:5      | Entered Level 5 of the Dungeon
  4486 | D:5      | Found a shimmering blue altar of Sif Muna.
  4739 | D:5      | Found a glowing drain.
  4743 | Sewer    | Entered a sewer
  4875 | Sewer    | Reached skill level 9 in Axes
  4894 | Sewer    | Found a viscous altar of Jiyva.
  5276 | D:6      | Found a transporter.
  5291 | D:6      | Found a one-way gate to the infinite horrors of the Abyss.
  5291 | D:6      | Noticed Iusername's ghost (amateur MiFi)
  5559 | D:6      | Reached skill level 10 in Axes
  5622 | D:6      | Found a shadowy altar of Dithmenos.
  5711 | D:6      | Found a glowing silver altar of Zin.
  5711 | D:6      | Noticed an angel
  5909 | D:6      | Found a transporter.
  6162 | D:6      | Slain by a gnoll sergeant

Illustrated notes

Levels and vault maps discovered:
D:1:      dpeg_arrival_court, layout_loops_ring,
          ebering_ecumenical_altar_abandoned, serial_forest,
          infiniplex_forest_lined_room_3, infiniplex_forest_clump_tiny,
          infiniplex_forest_straight_2, infiniplex_forest_straight_4,
          infiniplex_forest_clump_diagonal, infiniplex_forest_lined_3,
          infiniplex_forest_end_1, infiniplex_forest_straight_4,
          dk_noncrumbling_4
D:2:      layout_basic, minmay_misc_feat_alley
D:3:      layout_basic, serial_shops, shop, minmay_pentangle
D:4:      kb_forest_paths, layout_loops_ring, uniq_menkaure, uniq_grinder
D:5:      layout_loops_ring, mainiacjoe_overflow_six_doors_small,
          gup_sewer_entry_bowl
D:6:      layout_loops_cross, kennysheep_little_box, zin_angel,
          gammafunk_ghost_abyssal_escape

Skill      XL: |  1  2  3  4  5  6  7  8 |
---------------+-------------------------+-----
Axes           | 3 4 6 8 10 | 10.3
Fighting       | 4 5 6 |  6.3
Dodging        | 1 2 |  2.0
Armour         | 4 5 6 |  6.1
Shields        | 4 |  4.9
Stealth        | |  0.5

Action                   |  1- 3 |  4- 6 |  7- 9 || total
-------------------------+-------+-------+-------++-------
Melee: War axe           |   121 |   122 |   214 ||   457
  Use: Scroll            |       |     5 |    19 ||    24
       Potion            |       |       |     6 ||     6
Armor: Scale mail        |    68 |    62 |    75 ||   205
Dodge: Dodged            |    74 |    55 |   112 ||   241
Block: Buckler           |    27 |    31 |    48 ||   106
